AoeStats
← Starsky

Fortress

509875785Analyzed
4v4 RM · 3d ago on Sep 28, 2026· 45m 49s· 8 players
Game mode
Random Map
Map size
Huge
Population
200
Speed
Normal
Resources
Standard
Victory
Conquest
Starting age
Dark Age
Ending age
Imperial Age
RankedLock teamsTeams togetherTeam positionsShared explorationLock speedFull tech treeHidden civsTurbo modeCheats
Victory
Defeat
1866
+13
🇹🇷 Saracens · Türkiye
1824
+14
🇨🇳 Mongols · China
1742
+18
🇭🇰 Italians · Hong Kong SAR China
1741
+18
🇨🇳 Saracens · China
1835
-18
🇦🇷 Turks · Argentina
1791
-16
🇭🇰 Wu · Hong Kong SAR China
1760
-15
🇨🇳 Poles · China
1752
-14
冥想控
7:44 Feudal Age
11:18 Castle Age
9:05 Double-Bit Axe
9:02 Horse Collar
12:08 Heavy Plow
12:37 Bow Saw
16:51 Wheelbarrow
16:12 Gold Mining
17:52 Szlachta Privileges
19:54 Scale Barding Armor
19:58 Husbandry
20:08 Bloodlines
22:10 Chain Barding Armor
28:55 Hand Cart
28:26 Loom
32:00 Imperial Age
32:23 Cavalier
33:14 Forging
34:08 Crop Rotation
34:03 Conscription
35:53 Capped Ram
36:42 Scale Mail Armor
37:22 Iron Casting
36:50 Stone Mining
36:52 Siege Ram
36:59 Light Cavalry
39:44 Blast Furnace
38:45 Scale Mail Armor
41:21 Chain Mail Armor
41:48 Fletching
42:36 Plate Mail Armor
43:20 Hoardings
42:42 Bodkin Arrow
43:30 Sappers
45:28 Caravan
qeozouwajqnl
9:03 Feudal Age
10:24 Double-Bit Axe
10:20 Horse Collar
10:34 Gold Mining
13:20 Castle Age
16:32 Imperial Age
15:41 Bow Saw
27:11 Two-Man Saw
26:14 Heavy Plow
26:51 Wheelbarrow
28:32 Loom
31:26 Hand Cart
30:56 Town Watch
32:12 Fletching
33:01 Bodkin Arrow
33:12 Thumb Ring
33:33 Parthian Tactics
33:40 Stone Mining
33:19 Heavy Cavalry Archer
34:18 Bracer
34:18 Padded Archer Armor
34:41 Conscription
35:19 Bloodlines
35:10 Husbandry
35:42 Sipahi
36:07 Ballistics
36:48 Ballistics
37:17 Leather Archer Armor
40:15 Ring Archer Armor
42:32 Scale Barding Armor
42:39 Forging
43:55 Two-Man Saw
43:42 Chain Barding Armor
46:08 Plate Barding Armor
46:09 Iron Casting
Starsky
7:36 Feudal Age
11:33 Castle Age
9:32 Double-Bit Axe
9:44 Horse Collar
12:37 Bow Saw
17:55 Wheelbarrow
17:50 Gold Mining
19:23 Gold Shaft Mining
19:35 Loom
23:00 Imperial Age
20:40 Fletching
21:29 Hand Cart
22:03 Bodkin Arrow
22:47 Ballistics
23:13 Padded Archer Armor
23:42 Bracer
24:43 Chemistry
24:04 Conscription
23:10 Crossbowman
24:30 Thumb Ring
24:57 Arbalester
26:21 Leather Archer Armor
29:26 Ring Archer Armor
29:59 Siege Engineers
30:28 Scale Barding Armor
31:23 Light Cavalry
32:29 Chain Barding Armor
33:04 Forging
33:05 Bloodlines
32:55 Husbandry
33:55 Plate Barding Armor
33:48 Town Watch
34:53 Iron Casting
34:25 Heavy Plow
34:43 Hussar
38:50 Blast Furnace
39:01 Elite Skirmisher
39:51 Caravan
41:19 Masonry
Nagasaki Anon
8:14 Feudal Age
9:53 Double-Bit Axe
12:39 Castle Age
10:48 Horse Collar
11:27 Gold Mining
12:01 Fletching
13:50 Bow Saw
14:45 Loom
15:41 Bodkin Arrow
19:54 Red Cliffs Tactics
20:16 Padded Archer Armor
22:50 Wheelbarrow
30:21 Imperial Age
30:08 Hand Cart
31:09 Bracer
33:19 Ballistics
33:59 Chemistry
33:52 Sitting Tiger
35:54 Town Watch
35:56 Treadmill Crane
36:27 Masonry
41:42 Caravan
清远华
6:41 Feudal Age
10:44 Castle Age
8:32 Double-Bit Axe
8:48 Horse Collar
12:42 Bow Saw
17:37 Gold Mining
19:37 Gold Shaft Mining
20:38 Wheelbarrow
24:24 Imperial Age
21:42 Loom
22:47 Ballistics
23:31 Hand Cart
25:29 Conscription
25:27 Heavy Scorpion
26:33 Drill
27:15 Chemistry
26:12 Stone Mining
28:12 Siege Engineers
32:33 Capped Ram
33:54 Siege Ram
35:53 Elite Mangudai
36:25 Fletching
36:36 Padded Archer Armor
36:49 Masonry
37:12 Caravan
37:45 Bodkin Arrow
38:06 Leather Archer Armor
38:57 Bracer
39:03 Scale Barding Armor
39:47 Bloodlines
39:37 Husbandry
39:44 Thumb Ring
40:05 Parthian Tactics
41:38 Onager
42:16 Light Cavalry
44:58 Chain Barding Armor
44:49 Forging
45:40 Siege Onager
Honda
7:39 Feudal Age
11:13 Castle Age
9:04 Double-Bit Axe
9:15 Horse Collar
12:07 Fletching
12:30 Bow Saw
11:50 Crossbowman
15:23 Bodkin Arrow
16:35 Ballistics
17:34 Padded Archer Armor
19:11 Leather Archer Armor
19:47 Gold Mining
26:21 Imperial Age
27:07 Bracer
28:09 Chemistry
29:11 Ring Archer Armor
30:22 Scale Barding Armor
31:09 Forging
31:43 Bloodlines
32:04 Husbandry
31:46 Heavy Camel Rider
33:20 Heavy Plow
33:57 Chain Barding Armor
35:32 Plate Barding Armor
36:24 Iron Casting
39:12 Blast Furnace
41:41 Two-Man Saw
43:01 Wheelbarrow
43:07 Wheelbarrow
42:17 Loom
43:10 Gold Shaft Mining
42:01 Light Cavalry
CNZS_骑士老爷_帝国时代2
7:30 Feudal Age
11:05 Castle Age
11:47 Double-Bit Axe
13:01 Bow Saw
14:21 Wheelbarrow
17:45 Hand Cart
17:48 Gold Mining
18:23 Loom
19:16 Gold Shaft Mining
23:22 Imperial Age
23:29 Imperial Age
21:06 Crossbowman
21:55 Fletching
22:34 Bodkin Arrow
22:40 Padded Archer Armor
23:34 Ballistics
24:24 Yeomen
24:15 Bracer
25:16 Chemistry
24:33 Arbalester
25:08 Arbalester
27:16 Leather Archer Armor
26:25 Arbalester
32:06 Ring Archer Armor
34:29 Conscription
40:15 Guilds
45:51 Fortified Wall
Hui
7:08 Feudal Age
10:42 Castle Age
8:30 Double-Bit Axe
8:40 Horse Collar
11:39 Bow Saw
11:30 Heavy Plow
16:29 Loom
16:36 Fletching
18:18 Bodkin Arrow
24:39 Wheelbarrow
23:49 Town Watch
24:54 Ballistics
29:19 Imperial Age
27:30 Gold Mining
27:48 Padded Archer Armor
29:01 Leather Archer Armor
31:12 Chemistry
30:18 Bracer
30:11 Capped Ram
32:37 Two-Man Saw
32:33 Ring Archer Armor
32:47 Guard Tower
32:43 Arrowslits
33:23 Hand Cart
32:50 Elite Skirmisher
33:36 Thumb Ring
34:43 Keep
33:49 Treadmill Crane
35:05 Caravan
35:35 Coinage
36:04 Murder Holes
36:20 Masonry
36:39 Conscription
36:22 Scale Mail Armor
36:33 Forging
37:37 Banking
37:29 Silk Road
37:21 Pirotechnia
37:42 Squires
37:28 Arson
37:59 Chain Mail Armor
37:43 Elite Genoese Crossbowman
39:00 Hoardings
38:56 Fortified Wall
39:17 Architecture
39:35 Crop Rotation
38:56 Stone Mining
40:34 Plate Mail Armor
40:39 Iron Casting
40:32 Town Patrol
43:18 Blast Furnace
42:23 Scale Barding Armor
44:02 Bloodlines
43:53 Husbandry
43:14 Light Cavalry
44:28 Bombard Tower
45:38 Chain Barding Armor
44:40 Hussar
Connection lost

Rejoining the realm…

Still unreachable

The connection could not be restored.

Session expired

The server has moved on; the page needs a fresh start.